 Dungeon Crawl Stone Soup version 0.12.2-14-g7c90c79 (webtiles) character file.

403 MarVin the Chopper (level 6, 0/48 HPs)
             Began as a Demonspawn Fighter on Aug 5, 2013.
             Slain by Prince Ribbit (12 damage)
             ... on Level 3 of the Dungeon.
             The game lasted 00:13:41 (4071 turns).

MarVin the Chopper (Demonspawn Fighter)             Turns: 4071, Time: 00:13:41

HP   0/48        AC  8     Str 18      XL: 6   Next:  6%
MP   5/5         EV  8     Int 10      God:
Gold 121         SH 18     Dex 12      Spells:  0 memorised,  5 levels left

Res.Fire  : . . .   See Invis. : .   a - +0 hand axe {=f}
Res.Cold  : + . .   Warding    : .   b - +0 scale mail
Life Prot.: . . .   Conserve   : .   c - +0 shield
Res.Poison: .       Res.Corr.  : .   (no helmet)
Res.Elec. : .       Clarity    : .   E - +0 cloak
Sust.Abil.: . .     Spirit.Shd : .   t - +0 pair of gauntlets
Res.Mut.  : .       Stasis     : .   M - -2 pair of boots
Res.Rott. : .       Ctrl.Telep.: .   (no amulet)
Saprovore : . . .   Flight     : .   (no ring)
                                     (no ring)

@: slightly resistant to hostile enchantments, extremely unstealthy
A: cold resistance 1, EV +3
a: no special abilities


You were on level 3 of the Dungeon.
You were not hungry.

You visited 1 branch of the dungeon, and saw 4 of its levels.

You collected 101 gold pieces.

Inventory:

Hand weapons
 a - a +0,+0 hand axe (weapon) {=f}
 z - a -1,-2 spear (quivered)
 C - a -1,+1 orcish hand axe
 K - a +0 blowgun
Missiles
 L - 6 poisoned needles
Armour
 b - a +0 scale mail (worn)
 c - a +0 shield (worn)
 t - a +0 pair of gauntlets (worn)
 E - a +0 cloak (worn)
 M - a -2 pair of boots (worn)
Magical devices
 y - a wand of magic darts (6)
 F - a wand of magic darts (1)
Comestibles
 d - 2 bread rations
 o - a meat ration
 s - 2 chokos
 v - a honeycomb
 H - a rotting chunk of adder flesh
 I - a chunk of worker ant flesh
Scrolls
 e - 2 scrolls of curse weapon {unknown}
 f - a scroll of remove curse
 g - 5 scrolls of teleportation {unknown}
 i - 2 scrolls of fog {unknown}
 j - 8 scrolls of identify {unknown}
 q - 2 scrolls of enchant weapon II {unknown}
 u - a scroll of recharging {unknown}
 D - a scroll of curse armour {unknown}
 G - a scroll of fear {unknown}
Jewellery
 B - an uncursed ring of magical power {unknown}
 J - an uncursed ring of protection from magic {unknown}
Potions
 h - a potion of restore abilities {unknown}
 k - 4 potions of curing {unknown}
 l - 2 potions of speed {unknown}
 m - a potion of slowing {unknown}
 n - a potion of paralysis {unknown}
 p - a potion of mutation {unknown}
 r - a potion of agility {unknown}
 A - 2 potions of confusion {unknown}


   Skills:
 - Level 3.2 Fighting
 + Level 5.3 Axes
 - Level 3.0 Armour
 - Level 3.0 Shields


You had 5 spell levels left.
You didn't know any spells.

Dungeon Overview and Level Annotations

Branches:
Dungeon (4/27)
 Temple: D:4-7

Altars:
Xom
Yredelemnul

Annotations
D:3 Prince Ribbit


Innate Abilities, Weirdness & Mutations

You are surrounded by a moderate repulsion field (EV +3).
Your flesh is cold resistant.


Message History

There is a stone staircase leading up here.
The bat skeleton hits you but does no damage.
You block the bat skeleton's attack.
The bat skeleton hits you but does no damage.
You climb upwards.
Level annotation: Prince Ribbit
There is a stone staircase leading down, spattered with blood here.
You see here a club.
Prince Ribbit hits you!
Prince Ribbit momentarily phases out as your attack passes through him.
Prince Ribbit hits you but does no damage.
Prince Ribbit hits you!
Prince Ribbit momentarily phases out as your attack passes through him.
Prince Ribbit hits you. You block Prince Ribbit's attack.
Prince Ribbit hits you!
* * * LOW HITPOINT WARNING * * *
You block Prince Ribbit's attack.
Prince Ribbit winks and puckers his lips.
Prince Ribbit hits you!
You die...

#.# #.# #.# #.# #.#
####.#### #.# #........
#%# #........ #.#
#..(.#### #.# #........
#.############'##....
#...@F........>......
#.############.##....
######......####.##....
#................##<...
#.####..........(......
#.# ##...........).(...
#.# #.......#.##.###...
#.# #.....#.#....%.....
#.# #.....#.#..#.#.#...


You could see Prince Ribbit.

Vanquished Creatures
  A phantom (D:4)
  A hound (D:4)
  2 worker ants (D:4)
  3 adders
  A giant gecko (D:2)
  11 orcs
  6 goblins
  11 hobgoblins
  10 jackals
  8 kobolds
  2 quokkas (D:4)
  A ball python (D:1)
  8 bats
  2 giant cockroaches
  A giant newt (D:1)
  6 rats
74 creatures vanquished.

Notes
Turn   | Place    | Note
--------------------------------------------------------------
     0 | D:1      | MarVin, the Demonspawn Fighter, began the quest for the Orb.
     0 | D:1      | Reached XP level 1. HP: 18/18 MP: 0/0
   257 | D:1      | Gained mutation: Your flesh is cold resistant. [demonic ancestry]
   257 | D:1      | Reached XP level 2. HP: 24/24 MP: 1/1
   818 | D:2      | Reached XP level 3. HP: 26/30 MP: 2/2
   863 | D:2      | Found a basalt altar of Yredelemnul.
  1501 | D:3      | Found a shimmering altar of Xom.
  2135 | D:3      | Gained mutation: You are surrounded by a mild repulsion field (EV +2). [demonic ancestry]
  2135 | D:3      | Reached XP level 4. HP: 36/36 MP: 3/3
  2754 | D:4      | Noticed Prince Ribbit
  3248 | D:4      | Noticed a phantom
  3363 | D:4      | Killed a phantom
  3363 | D:4      | Reached skill level 4 in Axes
  3363 | D:4      | Gained mutation: You are surrounded by a moderate repulsion field (EV +3). [demonic ancestry]
  3363 | D:4      | Reached XP level 5. HP: 11/42 MP: 4/4
  3758 | D:4      | Reached skill level 5 in Axes
  3875 | D:4      | Reached XP level 6. HP: 38/48 MP: 5/5
  4018 | D:4      | Noticed an orc warrior
  4071 | D:3      | Slain by Prince Ribbit

Action                   |  1- 3 |  4- 6 || total
-------------------------+-------+-------++-------
Melee: Hand axe          |   181 |   191 ||   372
Throw: Javelin           |     4 |    14 ||    18
       Hand axe          |       |     3 ||     3
       Spear             |       |     1 ||     1
Evoke: Wand              |       |     6 ||     6
  Use: Scroll            |     1 |     2 ||     3
